Map: Lightshade LE

Players

AqueroN - Winner!

  • Race: Terran Terran

Lilbow

  • Race: Protoss Protoss

Event: DreamHack SC2 Masters 2021 Winter

VOD

Have the link to the VOD?

Description

Time

  • Played on: Oct. 5, 2021, 12:41 p.m.
  • Length: 5:43

All games in this series

Show
View Real Time Build Order
Export as new Build Order

AqueroN Terran - Winner!

Build Orders: 1/1/1 

Get SALT Encoding   

  12  0:00  SCV  
  13  0:12  SCV  
  14  0:16  Supply Depot  
  14  0:24  SCV  
  15  0:30  Refinery  
  15  0:38  SCV  
  16  0:44  Barracks  
  16  0:50  SCV  
  17  1:02  SCV  
  18  1:10  Engineering Bay  
  18  1:14  SCV  
  19  1:31  Marine, Orbital Command  
  20  1:34  Factory  
  20  1:50  Barracks Reactor  
  20  1:57  SCV  
  21  2:07  Command Center  
  21  2:13  SCV  
  22  2:17  Supply Depot  
  22  2:27  Starport  
  22  2:39  Hellion x2, SCV  
  27  2:46  Supply Depot  
  27  2:52  Refinery  
  27  3:00  Hellion  
  27  3:01  Hellion  
  31  3:07  SCV  
  31  3:10  Medivac  
  34  3:16  Barracks Tech Lab  
  34  3:19  SCV  
  35  3:25  Orbital Command  
  35  3:31  SCV  
  36  3:40  Bunker  
  36  3:43  Marine x2  
  36  3:45  Siege Tank  
  36  3:47  SCV  
  42  3:54  SCV  
  43  4:01  Marine x2  
  43  4:02  SCV  
  46  4:08  SCV  
  47  4:14  SCV  
  46  4:19  Marine x2  
  46  4:22  SCV  
  45  4:26  SCV  
  45  4:27  Siege Tank  
  45  4:30  Bunker  
  45  4:31  Barracks  
  45  4:36  Marine  
  45  4:37  Marine  
  47  4:38  Supply Depot  
  47  4:44  Bunker  
  47  4:45  Viking  
  49  4:48  SCV  
  49  4:49  SCV  
  51  4:54  Marine x2  
  53  5:00  SCV  
  53  5:01  SCV, Siege Tank  
  53  5:05  Supply Depot  
  58  5:12  Marine x2  
  60  5:16  Supply Depot  
  62  5:26  SCV x2  
  64  5:29  Barracks Tech Lab  
  64  5:30  Supply Depot  
  64  5:33  Refinery, Barracks  
Show
View Real Time Build Order
Export as new Build Order

Lilbow Protoss 

Build Orders: 1 Gate Expand, Blink Stalkers 

Get SALT Encoding   

  12  0:00  Probe  
  13  0:12  Probe  
  14  0:17  Pylon  
  14  0:24  Probe (Chrono Boost)  
  15  0:36  Probe (Chrono Boost)  
  15  0:37  Gateway  
  16  0:44  Probe (Chrono Boost)  
  16  0:46  Assimilator  
  17  0:51  Probe  
  18  1:03  Probe  
  19  1:15  Probe  
  20  1:31  Cybernetics Core  
  20  1:40  Nexus  
  20  1:50  Pylon  
  20  1:51  Probe  
  21  2:03  Assimilator, Probe (Chrono Boost)  
  22  2:10  Adept  
  22  2:13  Warp Gate  
  25  2:16  Probe (Chrono Boost)  
  25  2:22  Probe (Chrono Boost)  
  26  2:30  Probe  
  26  2:35  Twilight Council  
  27  2:40  Stalker  
  27  2:42  Probe (Chrono Boost)  
  31  2:53  Probe (Chrono Boost)  
  31  2:55  Probe (Chrono Boost)  
  32  3:00  Robotics Facility  
  32  3:02  Probe (Chrono Boost)  
  32  3:03  Probe (Chrono Boost)  
  34  3:07  Probe (Chrono Boost)  
  34  3:08  Probe  
  36  3:16  Gateway  
  36  3:20  Gateway  
  36  3:22  Probe  
  36  3:24  Probe  
  38  3:27  Blink (Chrono Boost)  
  38  3:34  Probe  
  39  3:36  Probe  
  40  3:43  Gateway  
  40  3:47  Probe, Pylon  
  40  3:48  Observer, Probe  
  43  3:59  Probe  
  43  4:01  Stalker, Probe  
  32  4:11  Probe  
  32  4:13  Probe  
  32  4:17  Stalker  
  28  4:25  Probe  
  28  4:26  Probe  
  28  4:27  Warp Prism (Chrono Boost)  
  32  4:41  Probe  
  32  4:43  Probe  
  34  4:45  Stalker  
  36  4:53  Observer, Probe  
  36  4:55  Stalker  
  39  5:00  Observer  
  39  5:03  Stalker  
  41  5:11  Probe x2  
  43  5:22  Stalker  
  43  5:25  Stalker  

Tags
 
Add a new tag
Caveats
  • Supply blocks, unpowered buildings, or Contaminate may cause inaccurate times.
  • Supply counts are checked every 10 seconds.